General information
- name: BNet
- type: Ladder team game (AT/RT)
- host: Battle.net
- saver: miguelitito
map: TwistedMeadows
- players: 4
- length: 32:06
- speed: Fast
- version: 1.26 W3XP
- replay type: Public
» download(126 KB)
Players
team 1 (winner)
miguelitito (
blue | 68 APM | 2188 actions | 32:06)
6 Blademaster
3 Wind Walk
1 Critical Strike
1 Mirror Image
1 Bladestorm
2 Shadow Hunter
1 Hex
1 Healing Wave
» actions
| Assign group hotkey | 33 | |
| Build / train | 84 | |
| Enter build submenu | 39 | |
| Enter hero's abilities submenu | 8 | |
| Right click | 1486 | |
| Select / deselect | 300 | |
| Select group hotkey | 114 | |
| Use ability | 122 | |
2188 total
» units
| Peon | 13 | |
| Grunt | 7 | |
| Demolisher | 2 | |
| Wind Rider | 3 | |
| Goblin Sapper | 5 | |
| Raider | 12 | |
| Spirit Walker | 1 | |
43 total
» upgrades
| Armor | 1 | |
| Ensnare | 1 | |
| Spirit Walker Training | 1 | |
3 total
» buildings
| Orc Burrow | 9 | |
| Altar of Storms | 1 | |
| Barracks | 2 | |
| Voodoo Lounge | 1 | |
| Stronghold | 2 | |
| War Mill | 2 | |
| Beastiary | 1 | |
| Great Hall | 3 | |
| Spirit Lodge | 1 | |
| Watch Tower | 11 | |
| Fortress | 1 | |
34 total
» build order
00:04 Orc Burrow
00:07 Altar of Storms
00:34 Barracks
00:43 Barracks
01:19 Orc Burrow
02:01 Voodoo Lounge
02:57 Orc Burrow
03:00 Orc Burrow
04:40 Stronghold
04:48 Orc Burrow
05:28 War Mill
05:57 Orc Burrow
06:53 Orc Burrow
07:38 Beastiary
10:50 Orc Burrow
12:20 Great Hall
13:18 Spirit Lodge
13:23 Watch Tower
13:31 Fortress
17:40 Great Hall
17:46 Watch Tower
18:15 Watch Tower
19:05 Watch Tower
19:06 Watch Tower
20:13 Watch Tower
20:16 Watch Tower
22:38 Stronghold
24:52 Watch Tower
26:34 Great Hall
27:10 War Mill
28:33 Watch Tower
29:29 Watch Tower
29:31 Orc Burrow
29:40 Watch Tower
» items
| Healing Salve | 5 | |
| Lesser Clarity Potion | 15 | |
| Scroll of Speed | 4 | |
| Potion of Lesser Invulnerability | 1 | |
25 total
molchyn (
teal | 35 APM | 1079 actions | 30:28)
6 Goblin Tinker
3 Pocket Factory
2 Engineering Upgrade
1 Robo-Goblin
2 Naga Sea Witch
1 Frost Arrows
1 Forked Lightning
» actions
| Basic commands | 1 | |
| Build / train | 69 | |
| Enter build submenu | 17 | |
| Enter hero's abilities submenu | 9 | |
| Give item / drop item | 4 | |
| Remove unit from queue | 1 | |
| Right click | 617 | |
| Select / deselect | 287 | |
| Use ability | 74 | |
1079 total
» units
| Acolyte | 8 | |
| Ghoul | 5 | |
| Necromancer | 9 | |
| Obsidian Statue | 4 | |
| Meatwagon | 3 | |
| Goblin Shredder | 1 | |
| Crypt Fiend | 5 | |
35 total
» upgrades
| Skeletal Longevity | 1 | |
| Necromancer Training | 2 | |
| Exhume Corpses | 1 | |
| Unholy Strength | 1 | |
| Unholy Armor | 1 | |
| Disease Cloud | 1 | |
| Skeletal Mastery | 1 | |
| Web | 1 | |
9 total
» buildings
| Crypt | 1 | |
| Altar of Darkness | 1 | |
| Ziggurat | 9 | |
| Graveyard | 1 | |
| Nerubian Tower | 2 | |
| Halls of the Dead | 1 | |
| Sacrificial Pit | 1 | |
| Slaughterhouse | 1 | |
| Temple of the Damned | 1 | |
| Tomb of Relics | 1 | |
| Spirit Tower | 1 | |
| Black Citadel | 1 | |
21 total
» build order
00:20 Crypt
00:23 Altar of Darkness
00:37 Ziggurat
01:06 Graveyard
01:23 Ziggurat
02:35 Nerubian Tower
04:16 Halls of the Dead
04:19 Ziggurat
04:27 Ziggurat
04:30 Ziggurat
05:26 Nerubian Tower
06:58 Sacrificial Pit
07:01 Slaughterhouse
07:04 Temple of the Damned
07:07 Ziggurat
07:43 Ziggurat
08:43 Tomb of Relics
09:32 Spirit Tower
12:49 Black Citadel
24:10 Ziggurat
24:50 Ziggurat
» items
| Healing Salve | 2 | |
| Scroll of Speed | 1 | |
| Lesser Clarity Potion | 1 | |
| Boots of Speed | 1 | |
| Staff of Teleportation | 1 | |
| Potion of Lesser Invulnerability | 2 | |
| Scroll of Town Portal | 1 | |
9 total
team 2 (loser)
Dudey (
orange | 66 APM | 2008 actions | 30:28)
5 Keeper of the Grove
3 Entangling Roots
2 Thorns Aura
6 Warden
3 Shadow Strike
2 Blink
1 Spirit of Vengeance
» actions
| Assign group hotkey | 23 | |
| Build / train | 89 | |
| Enter build submenu | 22 | |
| Enter hero's abilities submenu | 11 | |
| Give item / drop item | 1 | |
| Right click | 1227 | |
| Select / deselect | 395 | |
| Select group hotkey | 155 | |
| Use ability | 84 | |
2008 total
» units
| Wisp | 16 | |
| Archer | 20 | |
| Huntress | 2 | |
| Dryad | 2 | |
| Hippogryph | 12 | |
52 total
» upgrades
| Abolish Magic | 1 | |
| Improved Bows | 1 | |
| Strength of the Moon | 3 | |
| Marksmanship | 1 | |
| Hippogryph Taming | 1 | |
| Moon Armor | 1 | |
8 total
» buildings
| Altar of Elders | 1 | |
| Moon Well | 7 | |
| Ancient of War | 1 | |
| Ancient of Wonders | 2 | |
| Hunter's Hall | 1 | |
| Tree of Ages | 2 | |
| Ancient Protector | 2 | |
| Ancient of Lore | 1 | |
| Ancient of Wind | 2 | |
| Tree of Eternity | 2 | |
| Farm | 2 | |
23 total
» build order
00:08 Altar of Elders
00:12 Moon Well
00:37 Ancient of War
01:25 Moon Well
02:41 Ancient of Wonders
03:46 Moon Well
03:53 Hunter's Hall
04:09 Moon Well
04:48 Tree of Ages
04:53 Ancient of Wonders
06:50 Ancient Protector
06:54 Ancient Protector
08:59 Moon Well
09:03 Ancient of Lore
11:33 Ancient of Wind
11:52 Ancient of Wind
12:59 Tree of Eternity
12:59 Tree of Eternity
14:34 Moon Well
17:28 Moon Well
29:12 Farm
30:10 Farm
» items
| Scroll of Regeneration | 1 | |
| Lesser Clarity Potion | 1 | |
| Potion of Healing | 2 | |
| Moonstone | 1 | |
| Scroll of Town Portal | 2 | |
| Dust of Appearance | 1 | |
| Orb of Venom | 1 | |
| Boots of Speed | 1 | |
10 total
scruffyja (
pink | 52 APM | 1201 actions | 22:55)
6 Archmage
3 Summon Water Elemental
2 Brilliance Aura
1 Mass Teleport
1 Paladin
1 Divine Shield
» actions
| Assign group hotkey | 42 | |
| Basic commands | 10 | |
| Build / train | 63 | |
| Enter build submenu | 29 | |
| Enter hero's abilities submenu | 7 | |
| Remove unit from queue | 1 | |
| Right click | 345 | |
| Select / deselect | 378 | |
| Select group hotkey | 265 | |
| Use ability | 61 | |
1201 total
» units
| Peasant | 10 | |
| Footman | 12 | |
| Sorceress | 6 | |
| Priest | 3 | |
| Spell Breaker | 2 | |
| Knight | 7 | |
40 total
» upgrades
| Defend | 1 | |
| Swords | 3 | |
| Plating | 2 | |
| Priest Training | 1 | |
7 total
» buildings
| Altar of Kings | 1 | |
| Farm | 11 | |
| Barracks | 2 | |
| Scout Tower | 3 | |
| Arcane Tower | 2 | |
| Arcane Vault | 1 | |
| Keep | 1 | |
| Lumber Mill | 2 | |
| Blacksmith | 1 | |
| Arcane Sanctum | 2 | |
| Guard Tower | 1 | |
| Castle | 1 | |
| Town Hall | 4 | |
32 total
» build order
00:10 Altar of Kings
00:13 Farm
00:24 Barracks
01:12 Farm
01:58 Farm
02:39 Farm
02:43 Scout Tower
03:01 Scout Tower
03:40 Arcane Tower
03:42 Scout Tower
03:53 Barracks
03:58 Arcane Vault
04:40 Keep
04:43 Lumber Mill
05:01 Farm
05:09 Farm
05:35 Blacksmith
06:49 Lumber Mill
07:09 Arcane Sanctum
07:33 Arcane Tower
07:53 Guard Tower
08:37 Arcane Sanctum
08:49 Farm
09:47 Castle
10:22 Farm
12:50 Farm
12:51 Farm
12:57 Farm
19:43 Town Hall
19:50 Town Hall
21:40 Town Hall
22:20 Town Hall
» items
Chat log
(00:10 / Allies) miguelitito: hi
(00:11 / Allies) miguelitito: fields ?
(00:14 / Allies) molchyn: hi
(01:39 / Allies) miguelitito: protect me
(01:47 / Allies) molchyn: k
(13:39 / Allies) miguelitito: woood
(15:23 / Allies) miguelitito: YOU HELP ME RETARD
(16:03 / Allies) miguelitito: you soo noob man,,
(20:24 / Allies) miguelitito: wood
(22:17 / Allies) miguelitito: wood
(28:37 / Allies) miguelitito: what to do
(30:03 / All) miguelitito: GG
(30:20 / All) Dudey: h9omo fags